 Dungeon Crawl Stone Soup version 0.32-a0-975-g85d4e5bfdb (webtiles) character file.

Game seed: 6509549671609052423

67 Cancer the Changeling (level 4, 0/28 HPs)
             Began as an Octopode Shapeshifter on Apr 18, 2024.
             Succumbed to a goblin's poison
             ... on level 2 of the Dungeon.
             The game lasted 00:02:10 (983 turns).

Cancer the Changeling (Octopode Shapeshifter)        Turns: 983, Time: 00:02:11

Health: 0/28       AC:  1    Str: 15    XL:     4   Next: 18%
Magic:  13/13      EV: 12    Int: 12    God:
Gold:   94         SH:  0    Dex: 11    Spells: 3/3 levels left

rFire   + .          .
                       - Unarmed
rCold   . . .        (no shield)
rNeg    . . .        (helmet currently unavailable)
rPois   .            (no amulet)
rElec   .            f - ring of protection from fire
rCorr   +            g - ring of magical power
SInv    .            p - ring of resist corrosion
Will    .....        (no ring)
Stlth   +++          (no ring)
HPRegen 0.24/turn    (no ring)
MPRegen 0.13/turn    (no ring)
                     (no ring)

%: no passive effects
@: lethally poisoned (0 -> -3), beast-form
A: beast (slay +2), almost no armour, amphibious, 8 rings, camouflage 1,
gelatinous body 1, (nimble swimmer 1), tentacles
a: Begin Untransformation


You were on level 2 of the Dungeon.
You were a hulking beast.
You visited 1 branch of the dungeon, and saw 2 of its levels.

You collected 94 gold pieces.

Inventory:

Missiles
 h - 2 throwing nets (quivered)
Jewellery
 f - a ring of protection from fire (left tentacle)
 g - a ring of magical power (right tentacle)
 p - a ring of resist corrosion (on tentacle)
Talismans
 b - a beast talisman (active)
 c - a flux talisman
Scrolls
 d - a scroll of fear {unknown}
 e - a scroll of acquirement {unknown}
 j - 2 scrolls of enchant armour {unknown}
 k - 4 scrolls of identify {unknown}
 l - 2 scrolls of teleportation {unknown}
 m - a scroll of blinking {unknown}
 n - a scroll of revelation {unknown}
Potions
 a - a potion of lignification
 i - a potion of curing {unknown}
 o - a potion of mutation {unknown}


   Skills:
 - Level 1.0 Fighting
 - Level 2.0 Dodging
 + Level 3.7 Stealth
 - Level 3.0 Unarmed Combat
 + Level 3.9 Shapeshifting


You had 3 spell levels left.
You didn't know any spells.
Your spell library was empty.

Dungeon Overview and Level Annotations

Branches:
Dungeon (2/15)

Altars:

Annotations:
D:2 Robin


Innate Abilities, Weirdness & Mutations

You are a hulking beast.
Your limbs bulge with bestial killing power. (Slay +2)
You cannot wear most types of armour.
You are amphibious.
You can wear up to eight rings at the same time.
Your skin changes colour to match your surroundings (Stealth+).
Your rubbery body absorbs attacks. (AC +1, EV +1)
((You are camouflaged when in or above water. (Stealth+)))
You have tentacles for arms and can constrict up to eight enemies at once.


Message History

Items here: ))))) †††††.
A goblin comes into view. It is wielding a +0 dagger.
The goblin shouts!
The kobold throws a stone.
The stone misses you.
A goblin comes into view. It is wielding a +0 club.
The kobold barely misses you. Robin closely misses you.
You closely miss the kobold.
The hobgoblin shouts!
The goblin shouts!
Your grab misses the kobold. The kobold barely misses you.
Robin barely misses you. The kobold attacks as it pursues you!
The kobold misses you.
A goblin comes into view. It is wielding a +0 dagger.
The kobold attacks as it pursues you! The kobold closely misses you.
Items here: ))))) †††††.
The kobold attacks as it pursues you! The kobold hits you with a +0 dagger.
The goblin shouts!
You tentacle-slap the kobold.
You kill the kobold!
The hobgoblin attacks as it pursues you!
The hobgoblin hits you.
The hobgoblin no longer looks unusually strong.
The goblin no longer looks unusually strong.
Robin throws the goblin at you!
The goblin hits you with a +0 dagger of venom.
You are poisoned.
The hobgoblin closely misses you.
You feel very sick.
The goblin throws a stone.
The stone closely misses you.
You feel sick.
The hobgoblin attacks as it pursues you!
The hobgoblin hits you.
* * * LOW HITPOINT WARNING * * *
* * * LOW HITPOINT WARNING * * *
You feel sick.
The hobgoblin attacks as it pursues you!
The hobgoblin hits you.
* * * LOW HITPOINT WARNING * * *
* * * LOW HITPOINT WARNING * * *
You feel sick.
You die...

#..#...g# #.. #..gg# ..
#..#$# ##### #..#g###...#
##..#g....#.#
.#####.....##g...#
...........#..####
(.###.......#.##
............#h#
.###.......#.# ##.........#
# ##........####
##.#...........)#
#....#..........#########
.............#..........####
...##..#<##.###.####.......#
..##..#..##.###.## #.......#


You could see a hobgoblin (strong).

Vanquished Creatures
  An adder (D:2)
  A ribbon worm (D:2)
  5 ball pythons
  A bat (D:1)
  3 endoplasms (D:1)
  3 giant cockroaches
  9 goblins
  4 hobgoblins
  2 jackals (D:1)
  A quokka (D:1)
  4 frilled lizards
  7 kobolds
  10 rats
51 creatures vanquished.

Notes
Turn   | Place    | Note
-------+----------+-------------------------------------------
     0 | D:1      | Cancer the Octopode Shapeshifter began the quest for the
                  | Orb.
     0 | D:1      | Reached XP level 1. HP: 13/13 MP: 1/1
    80 | D:1      | Reached skill level 1 in Stealth
   189 | D:1      | Reached XP level 2. HP: 18/18 MP: 2/2
   366 | D:1      | Reached XP level 3. HP: 23/23 MP: 3/3
   934 | D:2      | Reached XP level 4. HP: 28/28 MP: 4/4
   959 | D:2      | Noticed Robin
   982 | D:2      | HP: 1/28 [poisoned by a goblin]
   983 | D:2      | Succumbed to a goblin's poison

Illustrated notes

Levels and vault maps discovered:
D:1:      matt_arrival_refuge, layout_basic, minmay_rat_gold_closets
D:2:      layout_rooms, uniq_robin

Skill      XL: |  1  2  3 |
---------------+----------+-----
Stealth        | 1 2 3 |  3.7
Fighting       | |  1.0
Dodging        | |  2.0
Unarmed Combat | |  3.0
Shapeshifting  | |  3.9

Action                     |  1- 3 |  4- 6 || total
---------------------------+-------+-------++-------
  Melee: Unarmed           |    65 |    11 ||    76
         Constrict         |    15 |     2 ||    17
         Tentacles         |     6 |     1 ||     7
         Punch             |     3 |     1 ||     4
   Stab: Sleeping          |    11 |       ||    11
 Armour: Skin              |    23 |     7 ||    30
  Dodge: Dodged            |    32 |    15 ||    47

Table legend: (Time is in decaauts)
 A = Elapsed time spent in this place.
 B = Non-inter-level travel time spent in this place.
 C = Inter-level travel time spent in this place.
 D = Time resting spent in this place.
 E = Time spent auto-exploring this place.
 F = Levels seen in this place.
 G = Mean time per level.
                   A        B        C        D        E       F      G
               +--------+--------+--------+--------+--------+-----+--------+
         Total |    977 |    976 |      1 |      0 |    708 |   2 |  488.5 |
       Dungeon |    977 |    976 |      1 |      0 |    708 |   2 |  488.5 |
               +--------+--------+--------+--------+--------+-----+--------+

Top non-repeatable levels by time:
     D:1: 743 daAuts
     D:2: 233 daAuts
